 Dungeon Crawl Stone Soup version 0.29-a0-323-g050149af67 (webtiles) character file.

Game seed: 10909882013500248550

373 spaghetti the Skirmisher (level 6, 0/57 HPs)
             Began as a Demigod Wanderer on Apr 11, 2022.
             Slain by an orc priest
             ... wielding a +0 dagger
              (2 damage)
             ... on level 3 of the Dungeon.
             The game lasted 00:05:05 (3472 turns).

spaghetti the Skirmisher (Demigod Wanderer)         Turns: 3472, Time: 00:05:06

Health: 0/57       AC: 12    Str: 21    XL:     6   Next: 19%
Magic:  10/10      EV:  9    Int: 14    God:
Gold:   31         SH:  0    Dex: 13    Spells: 6/7 levels left

rFire   . . .      SeeInvis .   g - +4 dagger {short}
rCold   . . .      Faith    .   (no shield)
rNeg    . . .      Spirit   .   d - +2 scale mail
rPois   .          Reflect  .   (no helmet)
rElec   .          Harm     .   (no cloak)
rCorr   .          Rampage  +   c - +0 pair of gloves
Will    .....                   n - +2 pair of boots {rampage}
Stlth   ..........              (no amulet)
HPRegen 0.19/turn               (no ring)
MPRegen 0.12/turn               (no ring)

@: confused, mighty, ambrosia-drunk
A: high MP 1, forlorn, divine attributes
a: no special abilities


You were on level 3 of the Dungeon.
You visited 1 branch of the dungeon, and saw 3 of its levels.

You collected 31 gold pieces.


Innate Abilities, Weirdness & Mutations

You have an increased reservoir of magic. (+10% MP)
You shall have no god before yourself.
Your divine heritage dramatically boosts your attributes as you level up.


   Skills:
 + Level 5.6 Fighting
 + Level 4.0 Staves
 - Level 1.0 Throwing
 - Level 2.6 Armour
 - Level 1.0 Spellcasting
 - Level 1.0 Translocations


You had 6 spell levels left.
You knew the following spells:

 Your Spells              Type           Power      Damage    Failure   Level
a - Apportation           Tloc           6%         N/A       43%         1

Your spell library contained the following spells:

 Spells                   Type           Power      Damage    Failure   Level
 Blink                    Tloc           6%         N/A       56%         2
 Lesser Beckoning         Tloc           3%         N/A       80%         3
 Portal Projectile        Hex/Tloc       4%         N/A       86%         3
 Manifold Assault         Tloc           3%         N/A       100%        5

Inventory:

Hand Weapons
 a - a +0 club {mace}
 g - a +4 dagger (weapon) {short}
   (You took it off a goblin on level 1 of the Dungeon)
Missiles
 f - 101 stones (quivered) {throwing}
 r - 3 poisoned darts {throwing}
Armour
 c - a +0 pair of gloves (worn)
   (You found it on level 2 of the Dungeon)
 d - a +2 scale mail (worn)
 n - a +2 pair of boots of rampaging (worn)
   (You found it on level 2 of the Dungeon)
Magical Staves
 e - a staff of conjuration {!a@e2staff}
   (You found it on level 1 of the Dungeon)
Jewellery
 l - a ring of positive energy
   (You found it on level 2 of the Dungeon)
Wands
 k - a wand of flame (11)
   (You took it off Natasha on level 2 of the Dungeon)
Scrolls
 b - 2 scrolls of vulnerability {!r!r}
 p - a scroll of fog

Dungeon Overview and Level Annotations

Branches:
Dungeon (3/15)

...##.##...........
#.. ##.##.#..#.#.#.
#.. #...............
!..#...............
#.#.#..##.#.##......
#...................
....#..##.#.........
#.....oo............
#.....o@....##...#..
#.###.{#..........
................
#..##............ #.
#..#....#.#.# .
.............
##..#....#... #..
....###


You could see 2 orc priests and an orc.


Message History

The orc priest invokes the aid of Beogh against you.
Beogh smites you!
The orc priest hits you but does no damage.
The orc hits you but does no damage. 😮 HP[-15]
You take 15 damage, and now have 40/57 hp.
MASSIVE DAMAGE!! (PAUSE)
You hit the orc priest. The orc priest barely misses you.
The orc hits you but does no damage.
The orc wizard gestures wildly while chanting.
The orc wizard flickers and vanishes!
Deactivating autopickup; reactivate with Ctrl-A.
Unknown command.
You hit the orc priest.
The orc priest calls upon Beogh to heal the orc priest.
The orc priest is healed somewhat.
The orc priest hits you but does no damage.
The orc hits you but does no damage.
Unknown command.
As you read the scroll labelled YLOPTA ACWOYCS, it crumbles to dust.
It is a scroll of identify.
p - a scroll of fog The orc priest mumbles some strange prayers to Beogh against you.
Pain shoots through your body! 😮 HP[-4]
You take 4 damage, and now have 36/57 hp.
As you read the scroll labelled OFROLE XEKOCU, it crumbles to dust.
It is a scroll of enchant weapon.
Your +3 dagger {short} glows red for a moment.
The orc priest hits you but does no damage.
The orc priest hits you with a +0 flail. 😮 HP[-4]
You take 4 damage, and now have 32/57 hp.
You hit the orc priest.
The orc priest mumbles some strange prayers to Beogh against you.
Beogh smites you!
* * * LOW HITPOINT WARNING * * *
The orc priest hits you with a +0 dagger.
* * * LOW HITPOINT WARNING * * *
Something hits you but does no damage. 😨 HP[-17]
You take 17 damage, and now have 15/57 hp.
MASSIVE DAMAGE!! (PAUSE)
Okay, then.
It was a potion of might.
You feel very mighty all of a sudden.
You hear some strange, mumbled words.
A puff of flame appears from out of thin air!
The puff of flame hits you.
* * * LOW HITPOINT WARNING * * *
The orc priest calls down the wrath of Beogh upon you.
Pain shoots through your body!
* * * LOW HITPOINT WARNING * * *
😱 HP[-11]
You take 11 damage, and now have 4/57 hp.
You feel better.
The orc priest hits you with a +0 flail.
* * * LOW HITPOINT WARNING * * *
The orc priest barely misses you. The orc hits you but does no damage.
Something hits you.
* * * LOW HITPOINT WARNING * * *
😱 HP[+4]
You regained 4 hp, and now have 8/57 hp.
It was a potion of ambrosia.
You are confused.
You feel invigorated.
The orc priest hits you with a +0 flail.
* * * LOW HITPOINT WARNING * * *
The orc priest hits you but does no damage.
The orc closely misses you.
Something hits you but does no damage. 😱 HP[-2]
You take 2 damage, and now have 6/57 hp.
Unknown command.
Unknown command.
You hit the orc.
You hear some strange, mumbled words.
Something tries to affect you, but you resist.
The orc priest hits you but does no damage. x2
The orc closely misses you. 😱 HP[+4]
You regained 4 hp, and now have 10/57 hp.
Unknown command.
Unknown command.
Unknown command.
You're too confused to move!
You hear some strange, mumbled words.
Something tries to affect you, but you resist.
The orc priest mumbles some strange prayers to Beogh against you.
Beogh smites you!
* * * LOW HITPOINT WARNING * * *
The orc priest hits you with a +0 dagger.
* * * LOW HITPOINT WARNING * * *
The orc barely misses you. 😱 HP[-8]
You take 8 damage, and now have 2/57 hp.
Unknown command.
Unknown command.
The orc priest attacks as you move away!
The orc priest hits you with a +0 dagger.
You die...

Skill      XL: |  1  2  3  4  5 |
---------------+----------------+-----
Staves         | 1 2 3 4 |  4.0
Fighting       | 4 5 |  5.6
Throwing       | |  1.0
Armour         | |  2.6
Spellcasting   | |  1.0
Translocations | |  1.0

Action                   |  1- 3 |  4- 6 || total
-------------------------+-------+-------++-------
Melee: Staff             |    34 |       ||    34
       Club              |     4 |       ||     4
       Punch             |     1 |       ||     1
       Dagger            |   118 |   112 ||   230
Throw: Stone             |    11 |    21 ||    32
       Dart              |     3 |     6 ||     9
Evoke: Wand              |       |     2 ||     2
  Use: Potion            |     3 |     6 ||     9
       Scroll            |       |     3 ||     3
Armor: Scale mail        |    79 |    48 ||   127
       Skin              |     7 |    27 ||    34
Dodge: Dodged            |    71 |    37 ||   108

Levels and vault maps discovered:
D:1:      nicolae_arrival_memento_mori, layout_basic, grunt_decor_arrowhead,
          minivault_24, minmay_heptomino_w4
D:2:      layout_basic, shapermc_ecumenical_altar_mp_urbaneastern,
          minmay_close_crescents, uniq_natasha
D:3:      layout_basic, serial_shops, nicolae_shop_overgrown_old_shop,
          uniq_ijyb, uniq_grinder

Notes
Turn   | Place    | Note
-------+----------+-------------------------------------------
     0 | D:1      | spaghetti the Demigod Wanderer began the quest for the Orb.
     0 | D:1      | spaghetti set off with the following items: a +0 club
                  | {mace}, a scroll of vulnerability {!r!r}, a scroll of
                  | summoning, a +2 scale mail; and the following spell
                  | memorised: Apportation; and the following spells available
                  | to memorise: Portal Projectile
     0 | D:1      | Reached XP level 1. HP: 19/19 MP: 4/4
     0 | D:1      | magus.rc [v1.9.6]
   400 | D:1      | Reached XP level 2. HP: 20/27 MP: 5/5
   402 | D:1      | Reached skill level 1 in Staves
   521 | D:1      | Reached skill level 4 in Fighting
  1130 | D:1      | Reached XP level 3. HP: 14/33 MP: 6/6
  1856 | D:2      | Reached skill level 2 in Staves
  1862 | D:2      | Noticed Natasha
  1880 | D:2      | Killed Natasha
  1881 | D:2      | Reached XP level 4. HP: 35/41 MP: 8/8
  2248 | D:2      | Noticed Natasha
  2274 | D:2      | Killed Natasha
  2809 | D:2      | Noticed Natasha
  2823 | D:2      | Killed Natasha
  2824 | D:2      | Reached skill level 5 in Fighting
  2824 | D:2      | Reached skill level 3 in Staves
  2824 | D:2      | Reached XP level 5. HP: 23/48 MP: 9/9
  3262 | D:3      | Noticed Grinder
  3267 | D:3      | Paralysed by Grinder for 2 turns
  3286 | D:3      | Paralysed by Grinder for 3 turns
  3315 | D:3      | Killed Grinder
  3316 | D:3      | Reached skill level 4 in Staves
  3316 | D:3      | Reached XP level 6. HP: 38/57 MP: 10/10
  3456 | D:3      | You pick up a book of Spatial Translocations and begin
                  | reading...
  3456 | D:3      | You add the spells Blink, Lesser Beckoning and Manifold
                  | Assault to your library.
  3467 | D:3      | HP: 9/57 [something/puff of flame (6)]
  3467 | D:3      | HP: 4/57 [orc priest/nerve-wracking pain (5)]
  3472 | D:3      | Slain by an orc priest

Vanquished Creatures
  Grinder (D:3)
  Natasha (thrice) (D:2)
  A gnoll (D:1)
  3 adders (D:2)
  3 worms (D:2)
  A dart slug (D:2)
  An orc (D:3)
  3 ball pythons
  5 bats
  6 endoplasms
  A giant cockroach (D:1)
  5 goblins
  9 hobgoblins
  4 quokkas
  4 frilled lizards
  6 kobolds
  2 rats (D:1)
58 creatures vanquished.

Vanquished Creatures (collateral kills)
  A frilled lizard (D:2)
1 creature vanquished.

Vanquished Creatures (others)
  5 fungi (D:2)
  9 plants
14 creatures vanquished.

Grand Total: 73 creatures vanquished

Table legend:
 A = Non-vault XP
 B = Vault XP
 C = Vault XP percentage of total XP
 D = Non-vault monster count
 E = Vault monster count
 F = Vault count percentage of total count
                 A         B        C        D         E       F
            +---------+---------+-------+---------+---------+-------
      Total |     172 |     361 |  67.7 |      44 |      15 |  25.4
            +---------+---------+-------+---------+---------+-------
        D:1 |      41 |      12 |  22.6 |      17 |       8 |  32.0
        D:2 |     124 |      68 |  35.4 |      23 |       6 |  20.7
        D:3 |       7 |     281 |  97.6 |       4 |       1 |  20.0
            +---------+---------+-------+---------+---------+-------

Illustrated notes

Table legend:
 A = Kills in this place as a percentage of kills in entire the game.
 B = Kills by you in this place as a percentage of kills by you in the entire game.
 C = Kills by friends in this place as a percentage of kills by friends in the entire game.
 D = Other kills in this place as a percentage of other kills in the entire game.
 E = Experience gained in this place as a percentage of experience gained in the entire game.
 F = Experience gained in this place divided by the number of levels of this place that you have seen.
                   A       B       C       D       E      F
               +-------+-------+-------+-------+-------+----------------------
         Total | 100.0 | 100.0 | 100.0 |   N/A | 100.0 | 177.7
       Dungeon | 100.0 | 100.0 | 100.0 |   N/A | 100.0 | 177.7
               +-------+-------+-------+-------+-------+----------------------

Table legend: (Time is in decaauts)
 A = Elapsed time spent in this place.
 B = Non-inter-level travel time spent in this place.
 C = Inter-level travel time spent in this place.
 D = Time resting spent in this place.
 E = Time spent auto-exploring this place.
 F = Levels seen in this place.
 G = Mean time per level.
                   A        B        C        D        E       F      G
               +--------+--------+--------+--------+--------+-----+--------+
         Total |   3486 |   3399 |     87 |    932 |   1923 |   3 | 1162.0 |
       Dungeon |   3486 |   3399 |     87 |    932 |   1923 |   3 | 1162.0 |
               +--------+--------+--------+--------+--------+-----+--------+

Top non-repeatable levels by time:
     D:2: 1692 daAuts
     D:1: 1504 daAuts
     D:3: 288 daAuts
